 Dungeon Crawl Stone Soup version 0.25-a0-184-gcd15a05269 (webtiles) character file.

Game seed: 549794232682205873, levelgen mode: deterministic

115 Gumption the Chopper (level 5, 0/47 HPs)
             Began as a Hill Orc Monk on Nov 27, 2019.
             Slain by an iron imp (8 damage)
             ... summoned by Eustachio
             ... on level 4 of the Dungeon.
             The game lasted 00:15:00 (3851 turns).

Gumption the Chopper (Hill Orc Monk)                Turns: 3851, Time: 00:15:01

Health: 0/47       AC:  8    Str: 15      XL:     5   Next: 0%
Magic:  5/5        EV: 11    Int: 10      God:
Gold:   157        SH:  0    Dex:  8 (13) Spells: 4/4 levels left

rFire    x . .     SeeInvis .   a - +0 war axe
rCold    + . .     Gourm    .   (no shield)
rNeg     . . .     Faith    .   b - +0 ring mail
rPois    .         Spirit   .   (no helmet)
rElec    .         Reflect  .   (no cloak)
rCorr    .         Harm     .   s - +2 pair of gloves
MR       .....                  (no boots)
Stlth    +.........             (no amulet)
HPRegen  0.15/turn              j - ring of ice
MPRegen  0.09/turn              (no ring)

@: no status effects
A: no striking features
a: no special abilities


You were on level 4 of the Dungeon.
You were very hungry.

You visited 1 branch of the dungeon, and saw 4 of its levels.

You collected 157 gold pieces.

Inventory:

Hand Weapons
 a - a +0 war axe (weapon)
 n - a +0 hand axe
Missiles
 c - 77 stones (quivered)
 i - 38 sling bullets
 q - 3 poisoned darts
Armour
 b - a +0 ring mail (worn)
 s - a +2 pair of gloves (worn)
Jewellery
 j - a ring of ice (left hand)
Scrolls
 d - a scroll of immolation
 f - 2 scrolls of remove curse
 m - a scroll of enchant armour
 o - a scroll of blinking {unknown}
 p - a scroll of fog {unknown}
Potions
 g - a potion of lignification
 l - a potion of berserk rage
 r - a potion of resistance
Comestibles
 e - 6 rations


   Skills:
 + Level 4.6 Fighting
 * Level 6.0 Axes
 + Level 1.8 Armour
 - Level 2.4 Dodging
 - Level 1.5 Stealth


You had 4 spell levels left.
You didn't know any spells.
Your spell library was empty.

Dungeon Overview and Level Annotations

Branches:
Dungeon (4/15)
 Temple: D:4-7

Altars:
Zin

Shops:
D:2 *

Annotations:
D:4 Eustachio


Message History

The bat closely misses you.
The rat twitches its whiskers.
The bat misses you.
Eustachio gestures wildly while chanting.
The bat hits you but does no damage. x2
Eustachio brags, "I can call spirits from the vasty deep."
The crimson imp barely misses you.
You hit the river rat but do no damage. You barely miss the crimson imp.
The bat closely misses you.
The river rat bites you but does no damage.
The crimson imp hits you but does no damage.
You slash the river rat!
The river rat is heavily wounded.
You closely miss the crimson imp. You hit the iron imp.
The bat hits you but does no damage.
Eustachio mumbles some strange words.
Eustachio blinks!
The bat barely misses you. The iron imp spits at you. The iron imp hits you!
You die...

... #.#.#.###..#..
########.K#.#.#.###.....
.........r....†<........
.........r..§((.........
........#.###(#(######..
........#+###.#.........
......5§...#........##..
#..5r5..#........###.
#@(b@.r(r(.......'...
#.......#(.......###.
#.......#........# #.
+.......#..........#.
#.......#........#.#.
#.......#........#.#.
##+##+#######+#### #. #.
#.


You could see Eustachio, an iron imp, a crimson imp, 2 river rats, a white imp,
a bat and a rat.

Vanquished Creatures
  A bullfrog skeleton (D:2)
  2 oozes
  2 worms
  2 dart slugs
  2 leopard geckos
  4 orcs (D:3)
  2 ball pythons (D:3)
  7 bats
  A giant cockroach (D:1)
  6 goblins
  7 hobgoblins
  4 jackals
  2 quokkas (D:3)
  4 frilled lizards
  10 kobolds
  6 rats
62 creatures vanquished.

Notes
Turn   | Place    | Note
-------+----------+-------------------------------------------
     0 | D:1      | Gumption the Hill Orc Monk began the quest for the Orb.
     0 | D:1      | Reached XP level 1. HP: 19/19 MP: 1/1
   263 | D:1      | Reached XP level 2. HP: 23/27 MP: 2/2
   832 | D:1      | Reached XP level 3. HP: 26/33 MP: 3/3
   909 | D:1      | Reached skill level 5 in Axes
  1904 | D:2      | You fall into a shaft and drop 1 floor!
  1942 | D:2      | Reached skill level 1 in Armour
  1942 | D:2      | Reached XP level 4. HP: 32/40 MP: 4/4
  2040 | D:2      | Found Zin's Purification Station.
  2045 | D:2      | Found a glowing silver altar of Zin.
  3717 | D:4      | Reached skill level 6 in Axes
  3751 | D:4      | Noticed Eustachio
  3845 | D:4      | Reached XP level 5. HP: 7/47 MP: 5/5
  3851 | D:4      | Slain by an iron imp

Levels and vault maps discovered:
D:1:      dpeg_arrival_circle_labyrinth_a, layout_basic
D:2:      layout_basic, zin_purify
D:3:      layout_basic, roderic_lattice_a
D:4:      minmay_goblin_kobold_castle, layout_basic, kennysheep_generic_room_6,
          uniq_eustachio

Skill      XL: |  1  2  3  4 |
---------------+-------------+-----
Fighting       | 4 |  4.6
Axes           | 5 6 |  6.0
Armour         | 1 |  1.8
Dodging        | |  2.4
Stealth        | |  1.5

Action                   |  1- 3 |  4- 6 || total
-------------------------+-------+-------++-------
Melee: Hand axe          |   102 |    88 ||   190
       War axe           |       |    69 ||    69
Throw: Stone             |    11 |       ||    11
  Use: Scroll            |     2 |     5 ||     7
       Potion            |       |     3 ||     3
 Stab: Sleeping          |     1 |     1 ||     2
  Eat: Chunk             |     2 |     3 ||     5
       Ration            |       |     1 ||     1
Armor: Ring mail         |    33 |    87 ||   120
       Leather armour    |     1 |       ||     1
Dodge: Dodged            |    47 |   138 ||   185

Table legend:
 A = Non-vault XP
 B = Vault XP
 C = Vault XP percentage of total XP
 D = Non-vault monster count
 E = Vault monster count
 F = Vault count percentage of total count
                 A         B        C        D         E       F
            +---------+---------+-------+---------+---------+-------
      Total |     161 |       4 |   2.4 |      59 |       3 |   4.8
            +---------+---------+-------+---------+---------+-------
        D:1 |      37 |       0 |   0.0 |      19 |       0 |   0.0
        D:2 |      56 |       0 |   0.0 |       8 |       0 |   0.0
        D:3 |      61 |       0 |   0.0 |      29 |       0 |   0.0
        D:4 |       7 |       4 |  36.4 |       3 |       3 |  50.0
            +---------+---------+-------+---------+---------+-------
